 Zot Defence DCSS version 0.15.2 (webtiles) character file.

15 Mgcat the Insei (level 2, 0/1 (18) HPs)
             Began as an Octopode Transmuter on Apr 29, 2018.
             Rotted away (Twiv the crimson imp)
             ... in the Realm of Zot (Scenario II: Battle Heart).
             The game lasted 00:03:18 (290 turns).

Mgcat the Insei (Octopode Transmuter)                Turns: 290, Time: 00:03:18

HP   0/1 (18)    AC  1     Str  9      XL: 2   Next: 50%
MP   4/4         EV 12     Int 15      God:
Gold 0           SH  0     Dex 12      Spells:  2 memorised,  2 levels left

rFire  . . .     SeeInvis .       - Unarmed
rCold  . . .     Clarity  .     (no shield)
rNeg   . . .     rCorr    .     (helmet restricted)
rPois  .         rRot     .     (no amulet)
rElec  .         Spirit   .     (no ring)
SustAb .         Warding  .     (no ring)
rMut   .         Stasis   .     (no ring)
Gourm  .                        (no ring)
MR     .....                    (no ring)
                                (no ring)
                                (no ring)
                                (no ring)

@: appendage (expiring), not resistant to hostile enchantments, unstealthy
A: almost no armour, amphibious, 8 rings, constrict 8, tentacle spike 3,
camouflage 1, gelatinous body 1
a: Make oklob sapling, End Transformation


You were in the Realm of Zot.
You were not hungry.
One of your tentacles had a temporary spike.
You visited 1 branch

Inventory:

Missiles
 b - 12 arrows
Comestibles
 f - a bread ration
Scrolls
 j - a scroll of blinking
Potions
 a - 3 potions of curing
 e - a potion of heal wounds
 g - a potion of haste
 h - 2 potions of magic
 i - a potion of berserk rage
Books
 d - a book of Changes

   Spells                             Type                      Level
   *Beastly Appendage                 Transmutation                1
   *Sticks to Snakes                  Transmutation                2
   Spider Form                        Transmutation/Poison         3
   Ice Form                           Ice/Transmutation            4
   Blade Hands                        Transmutation                5


   Skills:
 + Level 1.0 Fighting
 + Level 2.2 Dodging
 + Level 3.4 Unarmed Combat
 + Level 2.1 Spellcasting
 + Level 2.1 Transmutations


You had 2 spell levels left.
You knew the following spells:

 Your Spells              Type           Power        Failure   Level  Hunger
a - Beastly Appendage     Trmt           #.....       12%         1    #......
b - Sticks to Snakes      Trmt           #.........   14%         2    ###....


Dungeon Overview and Level Annotations

Branches:
    Zot (1/1)

Altars:


Innate Abilities, Weirdness & Mutations

You cannot wear most types of armour.
You are amphibious.
You can wear up to eight rings at the same time.
You can use your tentacles to constrict many enemies at once.
Your skin changes colour to match your surroundings (Stealth).
Your rubbery body absorbs attacks (AC +1).
One of your tentacles bears a large vicious spike.


Message History

Your flesh rots away as the Orb of Zot is desecrated.
You grab the bat. You constrict the bat.
Your flesh rots away as the Orb of Zot is desecrated. x2
You barely miss the bat.
Your flesh rots away as the Orb of Zot is desecrated. x3
You squeeze the bat.
The bat is severely wounded.
You constrict the bat.
You kill the bat!
Your flesh rots away as the Orb of Zot is desecrated.
Unknown command.
Unknown command.
Unknown command.
Your flesh rots away as the Orb of Zot is desecrated.
You tentacle-slap Twiv.
Your flesh rots away as the Orb of Zot is desecrated. x3
Your grab misses Twiv.
Your flesh rots away as the Orb of Zot is desecrated.
Ouch! That really hurt!
You die...

.....▓▓ ▓∆∆∆∆∆▓ ▓∆∆∆∆∆▓ ▓▓...
▓▓▓▓▓▓ ▓▓▓▓▓▓▓▓▓▓▓▓▓▓▓ ▓▓▓▓ ▓▓.▓▓
▓▓...▓▓ ▓▓.....▓▓ ▓▓
▓▓▓▓▓▓▓.......▓▓▓▓▓▓▓
.▓▓▓▓▓▓▓...................▓▓▓▓▓▓
........%....J...5§..P...........
.......▓........@..........▓.....
.......▓▓▓▓▓▓▓.......▓▓▓▓▓▓▓.....
.....▓▓▓ ▓▓.....▓▓ ▓▓▓... ....▓▓
▓▓...▓▓ ▓▓.. ...▓▓ ▓▓.▓▓ ▓▓. .▓▓▓
▓▓▓ ▓▓ ▓▓


You could see an ooze, Twiv the crimson imp and a friendly oklob sapling.

Vanquished Creatures
  A goblin (Zot)
  A kobold (Zot)
  A ball python (Zot)
  4 bats (Zot)
  A rat (Zot)
8 creatures vanquished.

Notes
Turn   | Place    | Note
--------------------------------------------------------------
     0 | Zot      | Mgcat, the Octopode Transmuter, began the quest for the Orb.
     0 | Zot      | Reached XP level 1. HP: 13/13 MP: 3/3
   225 | Zot      | Reached XP level 2. HP: 15/18 MP: 4/4
   276 | Zot      | Noticed Twiv
   276 | Zot      | Learned a level 2 spell: Sticks to Snakes
   290 | Zot      | Rotted away (Twiv the crimson imp)

Action                   || total
-------------------------++-------
Melee: Unarmed           ||    26
 Cast: Beastly Appendage ||     3
 Abil: Make oklob saplin ||     1
